 Dungeon Crawl Stone Soup version 0.29-a0-643-ga013cefcf8 (webtiles) character file.

Game seed: 12896931722708991798

86 ultragoat the Insei (level 4, -2/34 HPs)
             Began as a Gnoll Transmuter on June 20, 2022.
             Slain by a howler monkey (5 damage)
             ... on level 4 of the Dungeon.
             The game lasted 00:09:14 (2349 turns).

ultragoat the Insei (Gnoll Transmuter)              Turns: 2349, Time: 00:09:15

Health: -2/34      AC:  2    Str:  9    XL:     4   Next: 50%
Magic:  9/11       EV: 13    Int: 15    God:
Gold:   187        SH:  0    Dex: 12    Spells: 10/13 levels left

rFire   . . .      SeeInvis .     - Unarmed
rCold   . . .      Faith    .   (no shield)
rNeg    . . .      Spirit   .   a - +0 robe
rPois   .          Reflect  .   (helmet currently unavailable)
rElec   .          Harm     .   (no cloak)
rCorr   .          Rampage  .   (no gloves)
Will    .....                   (boots currently unavailable)
Stlth   ++........              (no amulet)
HPRegen 0.11/turn               (no ring)
MPRegen 0.12/turn               (no ring)

@: lethally poisoned (-2 -> -5), appendages
A: horns 2, talons 2, fangs 1, strong nose, distributed training
a: End Transformation


You were on level 4 of the Dungeon.
You had temporarily grown beastly horns and talons.
You visited 1 branch of the dungeon, and saw 4 of its levels.

You collected 187 gold pieces.

Inventory:

Armour
 a - a +0 robe (worn)
Wands
 j - a wand of iceblast (9)
 k - a wand of paralysis (6)
Scrolls
 e - a scroll of fear {unknown}
 g - 2 scrolls of enchant armour {unknown}
 h - 2 scrolls of teleportation {unknown}
 i - 2 scrolls of identify {unknown}
 m - a scroll of noise {unknown}
 n - a scroll of amnesia {unknown}
 o - a scroll of brand weapon {unknown}
 p - a scroll of immolation {unknown}
Potions
 b - a potion of lignification
 c - a potion of curing
 d - a potion of might {unknown}
 f - a potion of mutation {unknown}
 l - a potion of haste {unknown}


   Skills:
 + Level 2.7 Fighting
 + Level 1.1 Short Blades
 + Level 1.1 Long Blades
 + Level 1.1 Axes
 + Level 1.1 Maces & Flails
 + Level 1.1 Polearms
 + Level 1.1 Staves
 + Level 1.1 Slings
 + Level 1.1 Bows
 + Level 1.1 Crossbows
 + Level 1.1 Throwing
 + Level 1.1 Armour
 + Level 4.6 Dodging
 + Level 1.1 Stealth
 + Level 1.1 Shields
 + Level 6.6 Unarmed Combat
 + Level 5.1 Spellcasting
 + Level 0.9 Conjurations
 + Level 0.9 Hexes
 + Level 0.9 Summonings
 + Level 0.9 Necromancy
 + Level 0.9 Translocations
 + Level 3.8 Transmutations
 + Level 0.9 Fire Magic
 + Level 0.9 Ice Magic
 + Level 0.9 Air Magic
 + Level 0.9 Earth Magic
 + Level 0.9 Poison Magic
 + Level 1.2 Invocations
 + Level 1.1 Evocations


You had 10 spell levels left.
You knew the following spells:

 Your Spells              Type           Power      Damage    Failure   Level
a - Beastly Appendage     Tmut           30%        N/A       3%          1
b - Wereblood             Tmut           15%        N/A       4%          2

Your spell library contained the following spells:

 Spells                   Type           Power      Damage    Failure   Level
 Freeze                   Ice            24%        1d5       11%         1
 Magic Dart               Conj           24%        1d4       11%         1
 Searing Ray              Conj           12%        2d4       17%         2
 Spider Form              Tmut/Pois      11%        N/A       19%         3
 Frozen Ramparts          Ice            12%        1d3       32%         3
 Ice Form                 Ice/Tmut       11%        N/A       52%         4
 Fulminant Prism          Conj/Hex       3%         3d6       73%         4
 Hailstorm                Conj/Ice       6%         3d4       73%         4
 Simulacrum               Ice/Necr       3%         N/A       100%        6


Dungeon Overview and Level Annotations

Branches:
Dungeon (4/15)
 Temple: D:4-7

Altars:


Innate Abilities, Weirdness & Mutations

You have temporarily grown beastly horns and talons.
You have very sharp teeth.
Your uncanny sense of smell can sniff out nearby items.
Your experience applies equally to all skills.


Message History

The howler monkey is severely wounded.
The howler monkey hits you but does no damage.
The adder bites you.
* * * LOW HITPOINT WARNING * * *
You are poisoned.
The adder poisons you! The howler monkey hits you.
* * * LOW HITPOINT WARNING * * *
You barely miss the adder. Your kick misses the adder.
Your headbutt misses the adder.
The adder is severely wounded.
* * * LOW HITPOINT WARNING * * *
You feel sick. The adder closely misses you.
The howler monkey barely misses you.
Unknown command.
It was a potion of curing.
You feel better. The adder bites you.
You are poisoned.
The adder poisons you! The howler monkey misses you.
Casting: Beastly Appendage (safe; 3% risk of failure)
Confirm with . or Enter, or press ? or * to list all spells.
You extend your transformation's duration.
You feel sick. The adder bites you. The howler monkey barely misses you.
The adder bites you.
* * * LOW HITPOINT WARNING * * *
You are lethally poisoned!
The adder poisons you!
You feel better. The howler monkey hits you. The adder bites you.
* * * LOW HITPOINT WARNING * * *
You are poisoned.
The adder poisons you!
Casting: Beastly Appendage (safe; 3% risk of failure)
Confirm with . or Enter, or press ? or * to list all spells.
You fail to extend your transformation any further.
You feel sick. The howler monkey hits you.
* * * LOW HITPOINT WARNING * * *
The adder bites you but does no damage.
You closely miss the howler monkey. Your bite misses the howler monkey.
The howler monkey is severely wounded.
* * * LOW HITPOINT WARNING * * *
You feel sick. The howler monkey hits you.
You die...

....#.###...###.
#######...##....#
# #......#### .#
#<....## ###.#
#......#####...###
#................#
#......###..####.#
#......# #.##
#......# #@#
#......##hS#
#.....##!...
#....##......
.#####........
#...#...>.
#...####### ...#


You could see a howler monkey and an adder.

Vanquished Creatures
  4 adders
  A worm (D:2)
  2 dart slugs
  2 orcs
  6 ball pythons
  4 endoplasms
  5 goblins
  3 hobgoblins
  A quokka (D:2)
  6 bats
  5 frilled lizards
  2 kobolds
  A rat (D:1)
42 creatures vanquished.

Vanquished Creatures (others)
  7 fungi (D:4)
7 creatures vanquished.

Grand Total: 49 creatures vanquished

Notes
Turn   | Place    | Note
-------+----------+-------------------------------------------
     0 | D:1      | ultragoat the Gnoll Transmuter began the quest for the Orb.
     0 | D:1      | Reached XP level 1. HP: 17/17 MP: 6/6
     3 | D:1      | Found a faded altar of an unknown god.
   310 | D:1      | You fall into a shaft and drop 1 floor!
   361 | D:2      | Reached XP level 2. HP: 21/23 MP: 5/7
   458 | D:2      | Learned a level 2 spell: Wereblood
   724 | D:2      | Reached XP level 3. HP: 15/28 MP: 7/9
   888 | D:2      | Reached skill level 5 in Spellcasting
   894 | D:2      | Reached skill level 1 in Invocations
  1492 | D:3      | Reached skill level 1 in Short Blades
  1492 | D:3      | Reached skill level 1 in Long Blades
  1492 | D:3      | Reached skill level 1 in Axes
  1492 | D:3      | Reached skill level 1 in Maces & Flails
  1492 | D:3      | Reached skill level 1 in Polearms
  1492 | D:3      | Reached skill level 1 in Staves
  1492 | D:3      | Reached skill level 1 in Slings
  1492 | D:3      | Reached skill level 1 in Bows
  1492 | D:3      | Reached skill level 1 in Crossbows
  1492 | D:3      | Reached skill level 1 in Throwing
  1492 | D:3      | Reached skill level 1 in Armour
  1492 | D:3      | Reached skill level 1 in Stealth
  1492 | D:3      | Reached skill level 1 in Shields
  1492 | D:3      | Reached skill level 1 in Evocations
  1516 | D:3      | Reached XP level 4. HP: 26/34 MP: 9/11
  2349 | D:4      | Slain by a howler monkey

Illustrated notes

Levels and vault maps discovered:
D:1:      roderic_crossed_star, layout_basic,
          ebering_ecumenical_altar_abandoned, minivault_14
D:2:      layout_basic
D:3:      layout_loops_ring
D:4:      layout_rooms, serial_aquarium, aquarium_bridge_square
          [aquarium_subvault_wall, aquarium_subvault_window,
          aquarium_subvault_bridge, aquarium_subvault_wall],
          aquarium_window_double, aquarium_window_fake, aquarium_window_1,
          aquarium_view_2g

Skill      XL: |  1  2  3 |
---------------+----------+-----
Spellcasting   | 5 |  5.1
Invocations    | 1 |  1.2
Short Blades   | 1 |  1.1
Long Blades    | 1 |  1.1
Axes           | 1 |  1.1
Maces & Flails | 1 |  1.1
Polearms       | 1 |  1.1
Staves         | 1 |  1.1
Slings         | 1 |  1.1
Bows           | 1 |  1.1
Crossbows      | 1 |  1.1
Throwing       | 1 |  1.1
Armour         | 1 |  1.1
Stealth        | 1 |  1.1
Shields        | 1 |  1.1
Evocations     | 1 |  1.1
Fighting       | |  2.7
Dodging        | |  4.6
Unarmed Combat | |  6.6
Conjurations   | |  0.9
Hexes          | |  0.9
Summonings     | |  0.9
Necromancy     | |  0.9
Translocations | |  0.9
Transmutations | |  3.8
Fire Magic     | |  0.9
Ice Magic      | |  0.9
Air Magic      | |  0.9
Earth Magic    | |  0.9
Poison Magic   | |  0.9

Action                   |  1- 3 |  4- 6 || total
-------------------------+-------+-------++-------
Melee: Unarmed           |    62 |    35 ||    97
       Bite              |     6 |     1 ||     7
       Headbutt          |     9 |     2 ||    11
       Kick              |     7 |     5 ||    12
 Cast: Beastly Appendage |    14 |    11 ||    25
  Use: Potion            |       |     2 ||     2
 Stab: Sleeping          |       |     2 ||     2
Armor: Robe              |    12 |     6 ||    18
Dodge: Dodged            |    43 |    33 ||    76

Table legend: (Time is in decaauts)
 A = Elapsed time spent in this place.
 B = Non-inter-level travel time spent in this place.
 C = Inter-level travel time spent in this place.
 D = Time resting spent in this place.
 E = Time spent auto-exploring this place.
 F = Levels seen in this place.
 G = Mean time per level.
                   A        B        C        D        E       F      G
               +--------+--------+--------+--------+--------+-----+--------+
         Total |   2336 |   2292 |     44 |    210 |   1344 |   4 |  584.0 |
       Dungeon |   2336 |   2292 |     44 |    210 |   1344 |   4 |  584.0 |
               +--------+--------+--------+--------+--------+-----+--------+

Top non-repeatable levels by time:
     D:2: 1157 daAuts
     D:3: 757 daAuts
     D:1: 308 daAuts
     D:4: 113 daAuts
